 Dungeon Crawl Stone Soup version 0.27-a0-1177-g245c70e1c0 (webtiles) character file.

Game seed: 11048562321484111801

168 Glokmah the Magician (level 5, 0/39 HPs)
             Began as a Djinni Ice Elementalist on May 16, 2021.
             Killed by nerve-wracking pain
             ... invoked by Grinder
              (7 damage)
             ... on level 3 of the Dungeon.
             The game lasted 00:05:00 (3818 turns).

Glokmah the Magician (Djinni Ice Elementalist)      Turns: 3818, Time: 00:05:01

Health: 0/39       AC:  2    Str:  7    XL:     5   Next: 77%
Gold:   105        EV: 12    Int: 18    God:
                   SH:  0    Dex: 13

rFire    + + .     SeeInvis .   c - +0 short sword
rCold    x . .     Faith    .   (no shield)
rNeg     . . .     Spirit   .   a - +0 robe
rPois    ∞         Reflect  .   (no helmet)
rElec    .         Harm     .   (no cloak)
rCorr    .         Rampage  .   (no gloves)
Will     .....                  (boots unavailable)
Stlth    ++........             (no amulet)
HPRegen  0.13/turn              d - ring of wizardry
MPRegen  0.00/turn              (no ring)

@: flying
A: sickness immunity, fire resistance 2, cold vulnerability 1, float, innate
caster, hp casting, extra vitality 1
a: no special abilities


You were on level 3 of the Dungeon.
You visited 1 branch of the dungeon, and saw 3 of its levels.

You collected 105 gold pieces.

Inventory:

Hand Weapons
 c - a +0 short sword (weapon)
Missiles
 e - 25 poisoned darts
Armour
 a - a +0 robe (worn)
Jewellery
 d - a ring of wizardry (left hand)
Wands
 j - a wand of flame (8)
Scrolls
 b - a scroll of enchant armour {unknown}
 g - a scroll of identify {unknown}
 i - a scroll of enchant weapon {unknown}
Potions
 f - a potion of berserk rage {unknown}
 h - 2 potions of brilliance {unknown}


   Skills:
 + Level 2.6 Fighting
 - Level 2.1 Dodging
 - Level 1.5 Stealth
 * Level 4.6 Spellcasting


You couldn't memorise any spells.
You knew the following spells:

 Your Spells              Type           Power      Damage    Failure   Level
a - Freeze                Ice            80%        1d9       1%          1
b - Frozen Ramparts       Ice            40%        1d6       2%          3
c - Poisonous Vapours     Pois/Air       40%        N/A       1%          2
d - Hailstorm             Conj/Ice       20%        3d6       9%          4
e - Metabolic Englaciati  Hex/Ice        10%        N/A       22%         5
f - Beastly Appendage     Tmut           40%        N/A       1%          1
g - Ozocubu's Armour      Ice            20%        N/A       2%          3
Your spell library was empty.

Dungeon Overview and Level Annotations

Branches:
Dungeon (3/15)

Altars:

Annotations:
D:3 Grinder


Innate Abilities, Weirdness & Mutations

You are immune to sickness and miasma.
You are immune to poison.
Your flesh is very heat resistant. (rF++)
You are vulnerable to cold. (rC-)
You float through the air rather than walking.
You learn spells naturally, not from books.
Your magical power is your life essence.
You have superior vitality. (+4 HP)


Message History

Confirm with . or Enter, or press ? or * to list all spells.
The spell is quite dangerous to cast (9% risk of failure)!
Continue anyway?
Casting: Hailstorm (quite dangerous; 9% risk of failure)
Press: ? - help, Dir - look around, f - activate A cannonade of hail descends around you!
The hail pelts Grinder.
Grinder partially resists.
Grinder is lightly wounded.
Grinder completely resists.
The wall freezes Grinder but does no damage.
Casting: Hailstorm (quite dangerous; 9% risk of failure)
Confirm with . or Enter, or press ? or * to list all spells.
Aiming: Freeze (safe; 1% risk of failure)
Press: ? - help, Shift-Dir - straight line, f - Grinder
Aim: Grinder (lightly wounded)
You freeze Grinder but do no damage.
Grinder completely resists. x2
The wall freezes Grinder but does no damage.
Grinder barely misses you.
Unknown command.
Casting: Freeze (safe; 1% risk of failure)
Confirm with . or Enter, or press ? or * to list all spells.
Aiming: Freeze (safe; 1% risk of failure)
Press: ? - help, Shift-Dir - straight line, f/p - Grinder
Aim: Grinder (lightly wounded)
You freeze Grinder but do no damage.
Grinder completely resists. x2
The wall freezes Grinder but does no damage.
Grinder hits you!
* * * LOW HITPOINT WARNING * * *
You writhe in agony.
* * * LOW HITPOINT WARNING * * *
Press: ? - help, v - describe, . - travel A rock wall, covered with ice.
Your icy armour and frozen ramparts will break if you move.
Continue?
Okay, then.
Your icy armour and frozen ramparts will break if you move.
Continue?
Your icy armour cracks and falls away as you move.
The frozen ramparts melt away as you move.
The adder hisses angrily.
Grinder gestures at you. Pain shoots through your body!
You die...

........#.## #..#.#........##
..........†#######..#.#.#.......<
##.###................#.#.#######
#. #......######....#.#.. .
#..........##....#.#### #
#.#........# ....# #.#........#
....# #.#.##..#####....#.# #.
#..S..@........ #.
#...####5#.##.# #...# .# #.#.# ..
#.#.# ..# #.#.. ).# ..... .## .
... .#


You could see Grinder and an adder.

Vanquished Creatures
  A jelly (D:3)
  Jessica (D:2)
  Terence (D:2)
  3 adders (D:2)
  A worm (D:2)
  6 bats
  4 endoplasms
  3 giant cockroaches
  3 goblins
  5 hobgoblins
  9 jackals
  2 kobolds (D:1)
  5 quokkas
  2 ball pythons (D:2)
  3 frilled lizards
  3 rats
52 creatures vanquished.

Notes
Turn   | Place    | Note
-------+----------+-------------------------------------------
     0 | D:1      | Glokmah the Djinni Ice Elementalist began the quest for the
                  | Orb.
     0 | D:1      | Reached XP level 1. HP: 15/15 MP: 0/0
   256 | D:1      | Reached XP level 2. HP: 9/22 MP: 0/0
   656 | D:1      | Reached skill level 1 in Fighting
  1087 | D:1      | Reached XP level 3. HP: 25/27 MP: 0/0
  1087 | D:1      | Learned a level 1 spell: Beastly Appendage
  1288 | D:1      | Found a faded altar of an unknown god.
  1829 | D:2      | Reached XP level 4. HP: 14/32 MP: 0/0
  1834 | D:2      | Reached skill level 4 in Spellcasting
  2604 | D:2      | Noticed Jessica
  2606 | D:2      | Killed Jessica
  2607 | D:2      | Reached XP level 5. HP: 31/38 MP: 0/0
  2607 | D:2      | Learned a level 2 spell: Poisonous Vapours
  3165 | D:2      | Noticed Terence
  3169 | D:2      | Killed Terence
  3810 | D:3      | Noticed Grinder
  3818 | D:3      | Killed from afar by Grinder

Illustrated notes

Levels and vault maps discovered:
D:1:      shiori_arrival_elements, layout_basic,
          shapermc_ecumenical_altar_mp_ritualfount
D:2:      layout_basic, minivault_5, uniq_jessica, uniq_terence
D:3:      layout_basic, uniq_grinder

Skill      XL: |  1  2  3  4 |
---------------+-------------+-----
Fighting       | 1 2 |  2.6
Spellcasting   | 4 |  4.6
Dodging        | |  2.1
Stealth        | |  1.5

Action                   |  1- 3 |  4- 6 || total
-------------------------+-------+-------++-------
Melee: Short sword       |     5 |     6 ||    11
 Cast: Freeze            |    44 |    26 ||    70
       Frozen Ramparts   |     2 |     3 ||     5
       Poisonous Vapours |       |    11 ||    11
       Ozocubu's Armour  |       |     1 ||     1
       Hailstorm         |       |     1 ||     1
 Stab: Sleeping          |       |     2 ||     2
Armor: Robe              |     5 |     8 ||    13
Dodge: Dodged            |    29 |    13 ||    42

Table legend: (Time is in decaauts)
 A = Elapsed time spent in this place.
 B = Non-inter-level travel time spent in this place.
 C = Inter-level travel time spent in this place.
 D = Time resting spent in this place.
 E = Time spent auto-exploring this place.
 F = Levels seen in this place.
 G = Mean time per level.
                   A        B        C        D        E       F      G
               +--------+--------+--------+--------+--------+-----+--------+
         Total |   3821 |   3621 |    200 |    417 |   2870 |   3 | 1273.7 |
       Dungeon |   3821 |   3621 |    200 |    417 |   2870 |   3 | 1273.7 |
               +--------+--------+--------+--------+--------+-----+--------+

Top non-repeatable levels by time:
     D:2: 1975 daAuts
     D:1: 1550 daAuts
     D:3: 296 daAuts
